 Dungeon Crawl Stone Soup version 0.30-b1-2-g02819fbbbe (webtiles) character file.

Game seed: 8571504937097706200

3871 MajorAdolf the Sneak (level 10, -2/106 (126) HPs)
             Began as a Naga Wanderer on May 4, 2023.
             Was an Initiate of Gozag.
             Slain by a wight
             ... wielding a +2 falchion
              (6 damage)
             ... on level 8 of the Dungeon.
             The game lasted 00:28:10 (15641 turns).

MajorAdolf the Sneak (Naga Wanderer)               Turns: 15641, Time: 00:28:11

HP:   -2/106 (126)  AC: 29    Str: 13    XL:     10   Next: 19%
MP:   18/18         EV:  1    Int: 18    God:    Gozag
Gold: 459           SH:  0    Dex: 11    Spells: 7/20 levels left

rFire   . . .        I - +0 dagger (elec)
rCold   . . .        (no shield)
rNeg    + . .        D - melded +2 robe {rC+}
rPois   +            E - melded +0 helmet
rElec   .            x - melded +0 cloak
rCorr   .            b - melded +0 pair of gloves
SInv    +            (no barding)
Will    .....        (no amulet)
Stlth   +++          n - +4 ring of protection
HPRegen 0.37/turn    i - ring of positive energy
MPRegen 0.16/turn

%: no passive effects
@: brilliant, tree-form (expiring), weak-willed, gold aura, attractive, studying
Stealth, heavily drained
A: stationary, stasis, torment immunity, boosted hp, AC +3, large, see
invisible, (deformed body), (poison resistance), (slowness 2), spit poison 1,
(naga tail 1)
a: Spit Poison, Renounce Religion, Potion Petition, Call Merchant, Bribe Branch


You were on level 8 of the Dungeon.
You worshipped Gozag.
Gozag was aware of your devotion.
You were a tree.
You visited 2 branches of the dungeon, and saw 11 of its levels.

You collected 1230 gold pieces.
You spent 133 gold pieces at shops.
You paid 638 gold pieces to Gozag.

Inventory:

Hand Weapons
 a - a +3 quarterstaff
 z - a +3 spear of venom
 H - a +3 trident
 I - a +0 dagger of electrocution (weapon)
Missiles
 F - a throwing net
Armour
 b - a +0 pair of gloves (melded)
 x - a +0 cloak (melded)
 D - a +2 robe of cold resistance (melded)
 E - a +0 helmet (melded)
Magical Staves
 q - a staff of cold
Jewellery
 g - a ring of protection from fire
 i - a ring of positive energy (right branch)
 n - a +4 ring of protection (left branch)
 v - a ring of magical power
Wands
 d - a wand of charming (3)
 t - a wand of digging (6)
 u - a wand of polymorph (8)
 w - a wand of iceblast (5)
Scrolls
 c - 2 scrolls of silence
 m - 2 scrolls of enchant weapon
 r - a scroll of immolation
 s - 2 scrolls of identify
 y - a scroll of brand weapon
 G - a scroll of amnesia
Potions
 f - a potion of lignification
 h - 3 potions of brilliance
 j - a potion of invisibility {unknown}
 l - 3 potions of degeneration
 o - 2 potions of ambrosia {unknown}
 p - a potion of attraction
 B - 2 potions of berserk rage {unknown}
 C - a potion of resistance {unknown}


   Skills:
 - Level 3.0 Fighting
 - Level 3.0 Staves
 - Level 1.0 Armour
 + Level 7.5 Stealth
 + Level 5.6 Spellcasting
 - Level 5.0 Conjurations
 - Level 5.0 Hexes
 + Level 6.7 Ice Magic
 * Level 7.3 Evocations


You had 7 spell levels left.
You knew the following spells:

 Your Spells              Type           Power      Damage    Failure   Level
a - Freeze                Ice            100%       1d10      1%          1
b - Hailstorm             Conj/Ice       39%        3d9       3%          3
c - Ensorcelled Hibernat  Hex/Ice        78%        N/A       1%          2
d - Ozocubu's Refrigerat  Ice            21%        4d12      100%        7

Your spell library contained the following spells:

 Spells                   Type           Power      Damage    Failure   Level
 Magic Dart               Conj           100%       1d8       1%          1
 Slow                     Hex            100%       N/A       1%          1
 Confusing Touch          Hex            34%        N/A       4%          3
 Tukima's Dance           Hex            34%        N/A       4%          3
 Call Imp                 Summ           14%        N/A       19%         2
 Lesser Beckoning         Tloc           14%        N/A       19%         2
 Scorch                   Fire           14%        2d6       19%         2
 Mephitic Cloud           Conj/Pois/Air  16%        N/A       19%         3
 Gell's Gravitas          Tloc           7%         N/A       36%         3
 Spider Form              Tmut/Pois      7%         N/A       36%         3
 Teleport Other           Tloc           7%         N/A       36%         3
 Vampiric Draining        Necr           7%         2d6       36%         3
 Anguish                  Hex/Necr       10%        N/A       41%         4
 Flame Wave               Conj/Fire      21%        2d8       41%         4
 Passage of Golubria      Tloc           7%         N/A       77%         4
 Yara's Violent Unravell  Hex/Tmut       10%        3d6       77%         5
 Summon Cactus Giant      Summ           3%         N/A       100%        6
 Polar Vortex             Ice            21%        N/A       100%        9
 Simulacrum               Ice/Necr       Unusable   N/A       N/A         6

Dungeon Overview and Level Annotations

Branches:
Dungeon (10/15)            Temple (1/1) D:4
   Lair: D:8-11         Orc: D:9-12

Altars:
Ashenzari
Cheibriados
Dithmenos
Elyvilon
Fedhas
Gozag
Hepliaklqana
Makhleb
Nemelex Xobeh
Okawaru
Qazlal
Sif Muna
Trog
Uskayaw
Vehumet
Wu Jian
Xom
Yredelemnul

Shops:
D:10 [

Annotations:
D:3 exclusion: downstairs
D:5 exclusion: downstairs
D:6 exclusion: door


Innate Abilities, Weirdness & Mutations

You are a tree.
Your roots penetrate the ground, keeping you stationary.
You cannot be teleported.
You are immune to unholy pain and torment.
Your maximum health is greatly increased.
Your equipment is partially melded.
((Your serpentine skin is tough. (AC +3)))
You have supernaturally acute eyesight. (SInv)
((Armour fits poorly on your strangely shaped body.))
((Your system is resistant to poisons. (rPois)))
((You cover ground very slowly.))
You can spit poison.
((You have a snake-like lower body.))


Message History

Aiming: Iceblast
Press: ? - help, Shift-Dir - straight line, f/p - wight
Aim: a wight, wielding a +0 spear and wearing a +0 robe (almost destroyed, weak-willed)
The mass of ice explodes!
The iceblast engulfs the wight!
The wight partially resists.
You destroy the wight!
The iceblast engulfs the wight!
The wight partially resists.
The wight is almost destroyed.
The iceblast engulfs the orc wizard!!
You kill the orc wizard!
The wight hits you from afar with a +3 halberd!
* * * LOW HITPOINT WARNING * * *
You partially resist.
You feel drained.
* * * LOW HITPOINT WARNING * * *
The wight hits you but does no damage.
The orc wizard hits you but does no damage.
Aiming: Iceblast
Press: ? - help, Shift-Dir - straight line The mass of ice explodes!
The iceblast engulfs the wight!
The wight partially resists.
You destroy the wight!
The wight hits you with a +0 dire flail.
* * * LOW HITPOINT WARNING * * *
You partially resist.
You feel drained.
The orc wizard hits you but does no damage.
Unknown command.
Aiming: Iceblast
Press: ? - help, Shift-Dir - straight line, f - wight
Aim: a wight, wielding a +2 falchion and wearing a +0 robe (weak-willed)
Okay, then.
It was a potion of brilliance.
You feel clever all of a sudden.
Your transformation is almost over.
The wight hits you but does no damage.
The orc wizard points at you and mumbles some strange words.
You resist with some effort.
It was a potion of attraction.
You feel attractive to monsters. The wight hits you but does no damage.
The wight hits you with a +2 falchion.
You die...
Your body crumbles into a pile of gold.

##.## .. ###.#
... ####...#
...#####.....##
..........(.##
...........##
...........#
.....$zoz.##
.....$$♣..#
......$....#
...........#
...........#
...........#
............
.............
###..........#


You could see 2 wights and an orc wizard (weak-willed).

Vanquished Creatures
  A wyvern (D:7)
  A steam dragon (D:7)
  Edmund (D:5)
  2 acid dragons (D:7)
  2 water moccasins
  3 orc warriors
  3 ice beasts
  A black bear (D:4)
  An ogre (D:4)
  A centaur (D:7)
  A kobold brigand (D:8)
  Blork the orc (D:5)
  3 gnoll sergeants
  A bullfrog (D:4)
  4 scorpions
  9 wights
  A killer bee (D:7)
  A howler monkey (D:7)
  2 hounds
  A gnoll bouda (D:7)
  9 orc priests
  2 jellies (D:4)
  A sleepcap (D:6)
  Ijyb (D:4)
  12 orc wizards
  12 gnolls
  6 adders
  A shadow imp (D:7)
  A white imp (D:6)
  2 worms
  4 dart slugs
  37 orcs
  4 ball pythons
  7 bats
  9 endoplasms
  3 giant cockroaches
  6 goblins
  6 hobgoblins
  4 jackals (D:3)
  5 quokkas
  2 frilled lizards
  11 kobolds
  2 rats
187 creatures vanquished.

Notes
Turn   | Place    | Note
-------+----------+-------------------------------------------
     0 | D:1      | MajorAdolf the Naga Wanderer began the quest for the Orb.
     0 | D:1      | MajorAdolf set off with the following items: a +2
                  | quarterstaff, a +0 pair of gloves, a scroll of silence, a
                  | +0 leather armour; and the following spell memorised:
                  | Freeze; and the following spells available to memorise:
                  | Hailstorm.
     0 | D:1      | Reached XP level 1. HP: 21/21 MP: 2/2
   287 | D:1      | Reached XP level 2. HP: 27/28 MP: 2/4
  1096 | D:1      | Reached XP level 3. HP: 34/34 MP: 3/5
  1969 | D:2      | Learned a level 3 spell: Hailstorm
  2680 | D:3      | Reached XP level 4. HP: 42/42 MP: 3/7
  2779 | D:3      | Identified the +9 short sword of Generosity {flame, Contam
                  | rC+ Dex+2}
  3001 | D:4      | Noticed an ogre
  3195 | D:4      | Reached skill level 1 in Conjurations
  3326 | D:4      | Found a staircase to the Ecumenical Temple.
  3359 | D:4      | Learned a level 2 spell: Ensorcelled Hibernation
  3361 | Temple   | Entered the Ecumenical Temple
  3368 | Temple   | Became a worshipper of Gozag Ym Sagoz the Greedy
  3387 | D:4      | Noticed a black bear
  3397 | D:4      | Killed a black bear
  3398 | D:4      | Reached skill level 1 in Hexes
  3398 | D:4      | Reached XP level 5. HP: 36/49 MP: 3/9
  3495 | D:4      | Found a basalt altar of Yredelemnul.
  3768 | D:4      | Killed an ogre
  3769 | D:4      | Reached XP level 6. HP: 42/56 MP: 0/10
  4050 | D:4      | Noticed Ijyb
  4201 | D:4      | Killed Ijyb
  4344 | D:4      | Reached XP level 7. HP: 61/62 MP: 2/11
  4963 | D:3      | Reached skill level 1 in Evocations
  5574 | D:5      | Entered Level 5 of the Dungeon
  5907 | D:5      | Reached XP level 8. HP: 29/69 MP: 4/13
  6064 | D:5      | Noticed Edmund
  6079 | D:5      | Killed Edmund
  6133 | D:5      | Learned a level 7 spell: Ozocubu's Refrigeration
  6835 | D:5      | Reached skill level 5 in Ice Magic
  7022 | D:5      | Noticed Blork the orc
  7031 | D:5      | Killed Blork the orc
  7106 | D:5      | Identified the +2 scale mail "Efiwnuong" {Will+ rCorr Str+2
                  | Int-3}
  9528 | D:6      | Reached XP level 9. HP: 73/75 MP: 11/15
 12258 | D:7      | Reached skill level 5 in Stealth
 12258 | D:7      | Reached skill level 5 in Evocations
 13302 | D:7      | Reached skill level 5 in Conjurations
 13538 | D:7      | Reached skill level 5 in Hexes
 13982 | D:10     | Entered Level 10 of the Dungeon
 13985 | D:10     | Bought a runed robe for 133 gold pieces
 14088 | D:7      | Reached skill level 5 in Spellcasting
 14890 | D:7      | Reached XP level 10. HP: 67/84 MP: 11/17
 15638 | D:8      | HP: 5/105 [wight/+3 halberd (2)]
 15641 | D:8      | Slain by a wight

Illustrated notes

Levels and vault maps discovered:
D:1:      minmay_arrival_floating_metal, layout_basic, solitary_fountain,
          minivault_25, hangedman_decor_riveting, corner_web_ring
D:2:      layout_basic, serial_park_tiny_pond
D:3:      layout_basic
D:4:      layout_loops_corners, old_standard_altar,
          minmay_temple_entry_stoned_glass, minmay_misc_feat_columns,
          nzn_random_ring, uniq_ijyb
D:5:      layout_cave_pools, uniq_blork_the_orc, uniq_edmund
D:6:      layout_loops_cross, minmay_statues_item, nicolae_benzene_ring,
          kennysheep_generic_room_2
D:7:      layout_basic, minmay_manual_moon
D:8:      nzn_winding_woodlands_medium [nzn_winding_woodlands_5x5_perimeter,
          nzn_winding_woodlands_5x15_river_crossing,
          nzn_winding_woodlands_5x5_cross, nzn_winding_woodlands_5x5_three,
          nzn_winding_woodlands_center_garden,
          nzn_winding_woodlands_5x5_open_star, nzn_winding_woodlands_hourglass,
          nzn_winding_woodlands_5x15_jagged, nzn_winding_woodlands_5x5_default],
          layout_layer_cave, grunt_temple_overflow_cloverleaf
D:9:      layout_basic, grunt_lair_entry_orc_guard_hut, nicolae_elemental_shop,
          uniq_pikel
D:10:     layout_basic, minmay_misc_feat_doors, uniq_erica, uniq_josephine
Temple:   sentei_temple_godly_chess

Skill      XL: |  1  2  3  4  5  6  7  8  9 10 |
---------------+-------------------------------+-----
Ice Magic      | 2 3 4 5 6 |  6.7
Spellcasting   | 2 3 4 5 |  5.6
Conjurations   | 1 2 3 4 5 |  5.0
Hexes          | 1 2 3 4 5 |  5.0
Evocations     | 2 4 6 7 |  7.3
Stealth        | 2 4 6 7 |  7.5
Fighting       | |  3.0
Staves         | |  3.0
Armour         | |  1.0

Action                     |  1- 3 |  4- 6 |  7- 9 | 10-12 || total
---------------------------+-------+-------+-------+-------++-------
  Melee: Quarterstaff      |    37 |       |    15 |       ||    52
         Staff             |     2 |    13 |    24 |       ||    39
         Punch             |       |       |     5 |     1 ||     6
         Dagger            |       |       |     2 |    34 ||    36
         Spear             |       |       |    67 |       ||    67
         Trident           |       |       |       |     9 ||     9
   Cast: Freeze            |    58 |    53 |   258 |    14 ||   383
         Ensorcelled Hiber |       |     4 |     4 |     1 ||     9
         Hailstorm         |       |       |    22 |       ||    22
 Invoke: Call Merchant     |       |       |     1 |       ||     1
Ability: Spit Poison       |     8 |    10 |    26 |       ||    44
  Evoke: Wand              |       |       |       |     5 ||     5
    Use: Scroll            |       |    10 |     1 |     2 ||    13
         Potion            |       |     1 |       |     5 ||     6
   Stab: Sleeping          |     2 |       |     4 |     1 ||     7
         Distracted        |     1 |       |       |       ||     1
 Armour: Leather armour    |    34 |    33 |       |       ||    67
         Robe              |       |     1 |   164 |    19 ||   184
         Skin              |       |       |       |    97 ||    97
  Dodge: Dodged            |    50 |    45 |   208 |    23 ||   326
